 Dungeon Crawl Stone Soup version 0.30-a0-393-g54b8e3be05 (webtiles) character file.

Game seed: 15313376950841780945

39 Bnni the Shield-Bearer (level 3, 0/29 HPs)
             Began as a Formicid Fighter on Dec 5, 2022.
             Slain by a gnoll
             ... wielding a +0 whip of electrocution
              (17 damage)
             ... on level 2 of the Dungeon.
             The game lasted 00:01:40 (943 turns).

Bnni the Shield-Bearer (Formicid Fighter)            Turns: 943, Time: 00:01:40

Health: 0/29       AC:  6    Str: 22    XL:     3   Next: 70%
Magic:  3/3        EV:  9    Int:  7    God:
Gold:   0          SH:  5    Dex: 13    Spells: 2/2 levels left

rFire   . . .      SeeInvis +    a - +0 trident
rCold   . . .      Faith    .    c - +0 buckler
rNeg    . . .      Spirit   .    b - +0 scale mail
rPois   .          Reflect  .    (helmet unavailable)
rElec   .          Harm     .    (no cloak)
rCorr   .          Rampage  .    (no gloves)
Will    .....                    (no boots)
Stlth   ..........               (no amulet)
HPRegen 0.24/turn                (no ring)
MPRegen 0.08/turn                (no ring)

@: no status effects
A: permanent stasis, dig shafts and tunnels, antennae 3, four strong arms
a: Dig, Shaft Self


You were on level 2 of the Dungeon.
You visited 1 branch of the dungeon, and saw 2 of its levels.

Inventory:

Hand Weapons
 a - a +0 trident (weapon)
Armour
 b - a +0 scale mail (worn)
 c - a +0 buckler (worn)
Scrolls
 e - a scroll of fog {unknown}
 f - a scroll of silence {unknown}
 g - a scroll of identify {unknown}
Potions
 d - 2 potions of might
 h - a potion of lignification {unknown}
 i - a potion of ambrosia {unknown}
 j - a potion of curing {unknown}


   Skills:
 + Level 3.6 Fighting
 * Level 2.8 Polearms
 - Level 3.2 Armour
 * Level 4.8 Shields


You had 2 spell levels left.
You didn't know any spells.
Your spell library contained the following spells:

 Spells                   Type           Power      Damage    Failure   Level
 Gell's Gravitas          Tloc           0%         N/A       99%         3
 Lesser Beckoning         Tloc           0%         N/A       99%         3
 Teleport Other           Tloc           0%         N/A       99%         3


Dungeon Overview and Level Annotations

Branches:
Dungeon (2/15)

Altars:


Innate Abilities, Weirdness & Mutations

You cannot be hasted, slowed, berserked, paralysed or teleported.
You can dig through walls and to a lower floor.
You have a pair of large antennae on your head. (SInv)
Your four strong arms can wield two-handed weapons with a shield.


Message History

The dart slug is almost dead.
The dart slug bites you.
You puncture the dart slug!
You kill the dart slug!
No target in view!
Found a ring mail.
Found 5 stones.
You see here 5 stones.
You sense a monster nearby.
You sense a monster nearby.
A gnoll comes into view. It is wielding a +0 spear.
The gnoll shouts!
You hear a shout!
You reach to attack!
You hit the gnoll but do no damage.
The gnoll hits you from afar with a +0 spear.
A rat comes into view.
A gnoll comes into view. It is wielding a +0 whip.
The gnoll hits you from afar with a +0 spear.
You reach to attack!
You hit the gnoll.
The gnoll is moderately wounded.
The gnoll barely misses you.
You reach to attack!
You hit the gnoll.
The gnoll is heavily wounded.
The gnoll barely misses you.
You reach to attack!
You barely miss the gnoll.
The gnoll is heavily wounded.
A gnoll comes into view.
It is wielding a +0 whip of electrocution.
You reach to attack!
You puncture the gnoll!
The gnoll is severely wounded.
You reach to attack!
You barely miss the gnoll.
The gnoll is severely wounded.
The rat misses you.
A gnoll comes into view. It is wielding a +0 spear.
Unknown command.
The rat attacks as you move away! The rat closely misses you.
The gnoll hits you with a +0 whip. The gnoll attacks as you move away!
The gnoll hits you with a +0 whip of electrocution.
You are electrocuted!
Ouch! That really hurt!
You die...

### ..# #####g#
#....g#### #
#..{.....#
#.##..#g.##.....
#.....@r........
####..#####.##.#
#..# # #..#####.#
#### #........# ...#
#..(###### ##.#
###.# { .#.# ##.#.#
...##########....###


You could see 3 gnolls and a rat.

Vanquished Creatures
  An adder (D:2)
  2 dart slugs (D:2)
  2 ball pythons
  An endoplasm (D:1)
  2 goblins (D:1)
  5 hobgoblins (D:1)
  3 quokkas (D:1)
  2 bats (D:1)
  4 kobolds
  2 rats
24 creatures vanquished.

Notes
Turn   | Place    | Note
-------+----------+-------------------------------------------
     0 | D:1      | Bnni the Formicid Fighter began the quest for the Orb.
     0 | D:1      | Reached XP level 1. HP: 18/18 MP: 1/1
   137 | D:1      | Reached XP level 2. HP: 24/24 MP: 2/2
   455 | D:1      | Reached XP level 3. HP: 27/28 MP: 3/3
   943 | D:2      | Slain by a gnoll

Illustrated notes

Levels and vault maps discovered:
D:1:      minmay_arrival_four_houses, layout_loops_ring, minmay_tetromino_s4
D:2:      layout_loops_corners, serial_shops, nicolae_shop_advertising_works
          [nicolae_subvault_shop_adworks]

Action                   || total
-------------------------++-------
Melee: Trident           ||   107
Armor: Scale mail        ||    30
Dodge: Dodged            ||    51
Block: Buckler           ||    25

Table legend: (Time is in decaauts)
 A = Elapsed time spent in this place.
 B = Non-inter-level travel time spent in this place.
 C = Inter-level travel time spent in this place.
 D = Time resting spent in this place.
 E = Time spent auto-exploring this place.
 F = Levels seen in this place.
 G = Mean time per level.
                   A        B        C        D        E       F      G
               +--------+--------+--------+--------+--------+-----+--------+
         Total |    966 |    948 |     18 |      0 |    742 |   2 |  483.0 |
       Dungeon |    966 |    948 |     18 |      0 |    742 |   2 |  483.0 |
               +--------+--------+--------+--------+--------+-----+--------+

Top non-repeatable levels by time:
     D:1: 731 daAuts
     D:2: 234 daAuts
